 Dungeon Crawl Stone Soup version 0.29.1-2-gbd0b4ee654 (webtiles) character file.

Game seed: 15095696380225259579

23574 zermelo the Severer (level 12, -17/110 HPs)
             Began as a Minotaur Berserker on Nov 16, 2022.
             Was a High Priest of Trog.
             Demolished by an enormous slime creature (38 damage)
             ... on level 12 of the Dungeon.
             The game lasted 02:00:43 (15557 turns).

zermelo the Severer (Minotaur Berserker)           Turns: 15557, Time: 02:00:43

Health: -17/110    AC: 26    Str: 26    XL:     12   Next: 73%
Magic:  11/11      EV: 13    Int:  4    God:    Trog [*****.]
Gold:   920        SH: 15    Dex: 11    Spells: 11/11 levels left

rFire   + . .      SeeInvis .   x - +10 hand axe "Guurr" {flame, Will+}
rCold   + . .      Faith    .   C - +0 kite shield
rNeg    . . .      Spirit   .   h - +0 plate armour
rPois   .          Reflect  +   (helmet restricted)
rElec   .          Harm     .   E - scarf {rC+ rF+}
rCorr   .          Rampage  .   c - +2 pair of gloves
Will    +....                   o - +2 pair of boots
Stlth   ..........              f - amulet of reflection
HPRegen 0.28/turn               i - +4 ring of evasion
MPRegen 0.12/turn               d - +4 ring of protection

@: no status effects
A: horns 2, retaliatory headbutt
a: Renounce Religion, Berserk, Trog's Hand, Brothers in Arms


You were on level 12 of the Dungeon.
You worshipped Trog.
Trog was extremely pleased with you.
You visited 1 branch of the dungeon, and saw 12 of its levels.
You also visited: Bailey.

You collected 940 gold pieces.
You spent 20 gold pieces at shops.

Inventory:

Hand Weapons
 t - a +2 vorpal broad axe
 x - the +10 hand axe "Guurr" (weapon) {flame, Will+}
   (You found it on level 5 of the Dungeon)

   It burns those it strikes, dealing additional fire damage.
   Big, fiery blades are also staple armaments of hydra-hunters.
   Will:      It increases your willpower.
 A - a +2 war axe of venom
 H - a +3 executioner's axe of freezing
 N - the +9 war axe of Poczyqyopn {vamp, rC- rCorr Int+7}
   (You found it on level 11 of the Dungeon)

   It occasionally heals its wielder for a portion of the damage dealt when it
   wounds a living foe.
   Int:       It affects your intelligence (+7).
   rC:        It makes you vulnerable to cold.
   rCorr:     It protects you from acid and corrosion.
 O - a +1 broad axe of distortion
 Q - a +2 vorpal morningstar
Missiles
 b - 79 stones (quivered)
Armour
 c - a +2 pair of gloves (worn)
 h - a +0 plate armour (worn)
 o - a +2 pair of boots (worn)
 y - +0 acid dragon scales
 C - a +0 kite shield (worn)
 E - a scarf of resistance (worn)
 F - a +0 cloak
 I - a +1 scale mail of willpower
 J - the +10 ice dragon scales "Doxoy" {rElec rF- rC++ rCorr}
   (You found it in a bailey)

   rF:        It makes you vulnerable to fire.
   rC:        It greatly protects you from cold.
   rElec:     It insulates you from electricity.
   rCorr:     It protects you from acid and corrosion.
Jewellery
 d - a +4 ring of protection (right hand)
 f - an amulet of reflection (around neck)
 i - a +4 ring of evasion (left hand)
 j - a ring of positive energy
 w - a ring of magical power
 z - a ring of ice
 D - a +6 ring of dexterity
 R - a ring of ice
Wands
 a - a wand of flame (5)
 K - a wand of charming (2)
 L - a wand of digging (5)
 P - a wand of iceblast (4)
Scrolls
 l - 4 scrolls of teleportation
 p - a scroll of fear
 u - 2 scrolls of summoning
 B - a scroll of enchant armour
 T - a scroll of identify
Potions
 e - 3 potions of lignification
 g - 2 potions of heal wounds
 k - a potion of haste
 m - 9 potions of curing
 n - 6 potions of attraction
 q - 4 potions of brilliance
 r - a potion of mutation
 s - 2 potions of flight
 v - 4 potions of might
 G - a potion of magic {unknown}
 M - a potion of resistance
 S - 7 potions of ambrosia


   Skills:
 + Level 11.6 Fighting
 - Level 16.1 Axes
 + Level 11.3 Armour
 + Level 9.0 Dodging
 + Level 9.4 Shields


You had 11 spell levels left.
You didn't know any spells.
Your spell library was empty.

Dungeon Overview and Level Annotations

Branches:
Dungeon (12/15)            Temple (0/1) D:6            Lair (0/5) D:10
    Orc (0/2) D:10         Bailey (visited)

Altars:
Elyvilon
Fedhas
Gozag
Kikubaaqudgha
Nemelex Xobeh
Sif Muna
Vehumet
Wu Jian
Yredelemnul

Shops:
D:6 *   D:9 =   D:12 (

Annotations:
D:11 1 runed translucent door


Innate Abilities, Weirdness & Mutations

You have a pair of horns on your head.
You reflexively headbutt those who attack you in melee.


Message History

You chop one of the four-headed hydra's heads off!
The flame cauterises the wound!
You slice the three-headed hydra!! You burn the three-headed hydra.
You kill the three-headed hydra!
Trog accepts your kill.
Your Dodging skill increases to level 9!
The very large slime creature barely misses you.
You hit the very large slime creature. You burn the very large slime creature.
You headbutt the very large slime creature!
The very large slime creature is lightly wounded.
Two slime creatures merge to form an enormous slime creature.
You slash the enormous slime creature! You burn the enormous slime creature.
The enormous slime creature is lightly wounded.
You slash the enormous slime creature! You burn the enormous slime creature.
You headbutt the enormous slime creature.
The enormous slime creature is lightly wounded.
You block the enormous slime creature's attack.
You slash the enormous slime creature! You burn the enormous slime creature.
The enormous slime creature is moderately wounded.
You slash the enormous slime creature! You burn the enormous slime creature.
Your headbutt misses the enormous slime creature.
The enormous slime creature is moderately wounded.
The enormous slime creature barely misses you.
You slash the enormous slime creature! You burn the enormous slime creature.
You headbutt the enormous slime creature.
The enormous slime creature is moderately wounded.
You block the enormous slime creature's attack.
You slash the enormous slime creature! You burn the enormous slime creature.
The enormous slime creature is moderately wounded.
You slash the enormous slime creature! You burn the enormous slime creature.
The enormous slime creature is heavily wounded.
The enormous slime creature hits you!!!
You hear a horrible gurgling sound!
You slash the enormous slime creature! You burn the enormous slime creature.
You headbutt the enormous slime creature.
The enormous slime creature is heavily wounded.
The enormous slime creature hits you!!!
* * * LOW HITPOINT WARNING * * *
You feel much better. The enormous slime creature hits you!!!
You die...

.# #. #.# #.# #.#
#.# #.# #.# ##.##
#.# #.# #.#..#
#.# #.# #.##..#
#.# #.# #.# #..#
#.#.# #.# ##..#
##J###.# #.#..#
#@#.#.# #.##..#
#.###)###.# #..#
#.#.#)#(#.# ##..#
#.#
#.###.###.#.##
#.#
#.#.#.#.#)##.#
#.# #.#
#.###.###.# #.#
#.#.#.#.#.#.##.#
.# #.#.#.#
#.###.#.#
.#.#.#.#.#.#.##.#


You could see an enormous slime creature.

Vanquished Creatures
  Fannar (D:10)
  2 hydras (D:12)
  Erolcha (D:9)
  A boulder beetle (D:11)
  3 two-headed ogres
  2 centaur warriors
  An orc knight (Bailey)
  A deep elf zephyrmancer (Bailey)
  A deep elf pyromancer (D:7)
  2 ugly things (D:11)
  3 cyclopes
  A manticore (D:12)
  Maurice (D:9)
  A gargoyle (D:12)
  Maggie (D:7)
  An unseen horror (D:7)
  A komodo dragon (D:11)
  3 trolls
  A queen bee (D:12)
  3 meliai
  2 hornets
  Grinder (D:4)
  2 slime creatures
  3 shadows
  5 yaks (D:11)
  3 vampires
  A steam dragon (D:6)
  6 vampire mosquitoes
  An acid dragon (D:7)
  3 water moccasins
  Duvessa (D:7)
  2 black bears
  9 orc warriors
  An ice beast (D:5)
  2 sky beasts
  An ogre (D:6)
  14 centaurs
  4 phantoms
  Blork the orc (D:4)
  2 gnoll sergeants
  4 bullfrogs
  3 necrophages
  3 scorpions
  4 wights (D:7)
  Dowan (D:7)
  39 killer bees
  5 howler monkeys
  5 hounds
  3 jellies
  Crazy Yiuf (D:2)
  10 orc priests
  4 gnoll boudas
  3 iguanas
  12 orc wizards
  25 gnolls
  6 adders
  2 shadow imps
  3 white imps
  2 ufetubi (D:4)
  A worm (D:3)
  4 dart slugs
  54 orcs
  7 ball pythons
  5 bats
  6 endoplasms
  7 giant cockroaches
  7 goblins
  8 hobgoblins
  3 quokkas
  3 frilled lizards
  10 kobolds
  4 rats (D:2)
349 creatures vanquished.

Vanquished Creatures (others)
  2 killer bees (D:12)
  A butterfly (D:9)
3 creatures vanquished.

Grand Total: 352 creatures vanquished

Notes
Turn   | Place    | Note
-------+----------+-------------------------------------------
     0 | D:1      | zermelo the Minotaur Berserker began the quest for the Orb.
     0 | D:1      | Reached XP level 1. HP: 19/19 MP: 0/0
   178 | D:1      | Reached skill level 4 in Axes
   185 | D:1      | Reached XP level 2. HP: 24/26 MP: 1/1
   344 | D:1      | Found a faded altar of an unknown god.
   967 | D:2      | Found a runed translucent door.
   968 | D:2      | Noticed Crazy Yiuf
  1161 | D:2      | Killed Crazy Yiuf
  1162 | D:2      | Reached skill level 5 in Axes
  1162 | D:2      | Reached XP level 3. HP: 16/31 MP: 0/2
  1756 | D:2      | Reached ** piety under Trog
  1869 | D:2      | Reached skill level 6 in Axes
  1869 | D:2      | Reached XP level 4. HP: 34/39 MP: 3/3
  2062 | D:3      | Found a basalt altar of Yredelemnul.
  2180 | D:3      | Found a radiant altar of Vehumet.
  2297 | D:3      | Found an opulent altar of Gozag.
  2491 | D:3      | Reached skill level 7 in Axes
  2491 | D:3      | Reached XP level 5. HP: 45/45 MP: 4/4
  3026 | D:4      | Reached skill level 8 in Axes
  3026 | D:4      | Reached XP level 6. HP: 46/51 MP: 5/5
  3096 | D:4      | Noticed Grinder
  3105 | D:4      | Paralysed by Grinder for 5 turns
  3112 | D:4      | Noticed Blork the orc
  3143 | D:4      | Killed Blork the orc
  3471 | D:4      | Reached skill level 9 in Axes
  3652 | D:4      | Killed Grinder
  3653 | D:4      | Reached skill level 10 in Axes
  3653 | D:4      | Reached XP level 7. HP: 49/57 MP: 6/6
  3795 | D:4      | Noticed a hornet
  3805 | D:4      | Paralysed by a hornet for 2 turns
  3812 | D:4      | Killed a hornet
  3813 | D:4      | Reached skill level 11 in Axes
  4128 | D:4      | Reached XP level 8. HP: 41/64 MP: 7/7
  4328 | D:4      | Reached *** piety under Trog
  4530 | D:5      | Entered Level 5 of the Dungeon
  4647 | D:4      | Reached skill level 12 in Axes
  5022 | D:5      | Identified the +10 hand axe "Guurr" {flame, Will+}
  5108 | D:5      | Reached skill level 13 in Axes
  5287 | D:5      | Reached skill level 14 in Axes
  5655 | D:6      | Reached XP level 9. HP: 67/70 MP: 8/8
  5879 | D:6      | Reached skill level 15 in Axes
  5994 | D:6      | Identified the +1 robe of the Sturgeon {rC+}
  6079 | D:6      | Found a staircase to the Ecumenical Temple.
  6135 | D:6      | Reached **** piety under Trog
  6264 | D:6      | Found Viw Ydoc's CLEARANCE SALE!.
  6272 | D:6      | Bought a potion of heal wounds for 20 gold pieces
  6346 | D:6      | Reached skill level 16 in Axes
  6394 | D:6      | Found a sparkling altar of Nemelex Xobeh.
  6885 | D:7      | Reached skill level 5 in Fighting
  6896 | D:7      | Noticed Duvessa
  6897 | D:7      | Noticed Dowan
  6908 | D:7      | Killed Duvessa
  6914 | D:7      | Killed Dowan
  6952 | D:7      | Found an ornate altar of the Wu Jian Council.
  7006 | D:7      | Reached XP level 10. HP: 82/82 MP: 9/9
  7010 | D:7      | Noticed Maggie
  7017 | D:7      | Reached skill level 5 in Armour
  7022 | D:7      | Killed Maggie
  7026 | D:7      | Reached ***** piety under Trog
  7147 | D:7      | Found a blossoming altar of Fedhas.
  7267 | D:7      | Found an ancient bone altar of Kikubaaqudgha.
  7411 | D:7      | Noticed a deep elf pyromancer
  7420 | D:7      | Killed a deep elf pyromancer
  8672 | D:9      | Found Facrow's Jewellery Shop.
  8702 | D:9      | Noticed Maurice
  8735 | D:9      | Killed Maurice
  8758 | D:9      | Found a flagged portal.
  8763 | Bailey   | Entered a bailey
  8850 | Bailey   | Noticed an orc knight
  8861 | Bailey   | Received a gift from Trog
  8867 | Bailey   | Killed an orc knight
  8868 | Bailey   | Found a large runed translucent door.
  8868 | Bailey   | Found a large runed translucent door.
  8870 | Bailey   | Noticed a deep elf zephyrmancer
  8872 | Bailey   | Reached XP level 11. HP: 72/97 MP: 10/10
  9199 | Bailey   | Killed a deep elf zephyrmancer
  9208 | Bailey   | Identified the +1 robe "Pyerphane" {Dex+2}
  9214 | Bailey   | Identified the +10 ice dragon scales "Doxoy" {rElec rF-
                  | rC++ rCorr}
  9647 | D:9      | Found a white marble altar of Elyvilon.
  9788 | D:9      | Reached skill level 10 in Fighting
 10424 | D:9      | Noticed Erolcha
 10433 | D:9      | Killed Erolcha
 10434 | D:9      | Reached skill level 10 in Armour
 10834 | D:10     | Entered Level 10 of the Dungeon
 11399 | D:10     | Found a shimmering blue altar of Sif Muna.
 11407 | D:10     | Noticed a two-headed ogre
 11417 | D:10     | Killed a two-headed ogre
 11446 | D:10     | Found a staircase to the Lair.
 11453 | D:10     | Found a staircase to the Orcish Mines.
 11487 | D:10     | Reached skill level 1 in Shields
 11781 | D:10     | Noticed Fannar
 11800 | D:10     | Killed Fannar
 12486 | D:11     | Noticed a boulder beetle
 12523 | D:11     | HP: 2/102 [something (12)]
 12933 | D:11     | Killed a boulder beetle
 13069 | D:11     | Reached skill level 5 in Dodging
 13069 | D:11     | Reached skill level 5 in Shields
 13338 | D:11     | Noticed a green ugly thing
 13352 | D:11     | Killed a green ugly thing
 13491 | D:11     | Identified the +9 war axe of Poczyqyopn {vamp, rC- rCorr
                  | Int+7}
 13608 | D:11     | Noticed a purple ugly thing
 13613 | D:11     | Killed a purple ugly thing
 13779 | D:11     | Noticed a stone giant
 13779 | D:11     | Noticed a flayed ghost
 13779 | D:11     | Noticed an ettin
 13787 | D:11     | Found a runed translucent door.
 13787 | D:11     | Noticed a stone giant
 13787 | D:11     | Noticed a storm dragon
 13789 | D:11     | Noticed a stone giant
 13789 | D:11     | Noticed a yaktaur captain
 13789 | D:11     | Noticed a yaktaur captain
 14487 | D:11     | Reached XP level 12. HP: 102/110 MP: 11/11
 14616 | D:12     | Noticed a centaur warrior
 14623 | D:11     | Received a gift from Trog
 14632 | D:11     | Killed a centaur warrior
 15352 | D:12     | Noticed a four-headed hydra
 15365 | D:12     | Killed a one-headed hydra
 15415 | D:12     | Found Cusonot's Weapon Emporium.
 15473 | D:12     | Noticed a two-headed ogre
 15475 | D:12     | Killed a two-headed ogre
 15490 | D:12     | Noticed a two-headed ogre
 15497 | D:12     | Killed a two-headed ogre
 15518 | D:12     | Noticed a centaur warrior
 15527 | D:12     | Killed a centaur warrior
 15528 | D:12     | Noticed an eight-headed hydra
 15545 | D:12     | Killed a three-headed hydra
 15555 | D:12     | HP: 1/110 [enormous slime creature (45)]
 15557 | D:12     | Demolished by an enormous slime creature

Illustrated notes

Levels and vault maps discovered:
D:1:      dpeg_arrival_arbitrary_a, layout_basic,
          dreamdust_ecumenical_altar_statues, st_stairs_7,
          roderic_serpentine_path
D:2:      minmay_diamond_boxcup, layout_loops_ring, uniq_crazy_yiuf_cottage
D:3:      layout_basic, nicolae_vehumet_radiance, nicolae_gozag_seed_capital,
          general_overflow_altar
D:4:      layout_rooms, minmay_misc_feat_tiny, uniq_grinder, uniq_blork_the_orc
D:5:      layout_basic, serial_glass, glass_columns_a, glass_columns_a
D:6:      hangedman_cross_stitches, layout_gridville, nemelex_dance_club_becter,
          minmay_temple_entry_slanted, nicolae_shop_clearance
D:7:      minmay_blocky_corners, layout_cave_pools, fedhas_ov_isle_minmay,
          mainiacjoe_overflow_alcove_4, mainiacjoe_overflow_boulevard,
          feat_on_display, uniq_duvessa, uniq_maggie
D:8:      layout_basic
D:9:      layout_grid_maze, nicolae_elyvilon_peaceful_grove, enter_bailey_3,
          serial_shops, nicolae_diamond_shop, chequers_avenue, uniq_erolcha,
          uniq_maurice
D:10:     layout_basic, kennysheep_mini, lair_entry_dummy,
          minmay_orc_entry_temple_small, dk_noncrumbling_4, uniq_fannar
D:11:     minmay_gate_of_8, layout_loops_cross
D:12:     minmay_imperfect_grid, layout_rooms, special_room [special_room_bee],
          serial_shops, nicolae_shop_stone, nicolae_diamond_shop, shop, shop,
          nicolae_lakefront_shop

Skill      XL: |  1  2  3  4  5  6  7  8  9 10 11 12 |
---------------+-------------------------------------+-----
Axes           | 4 5 6 7 8 10 11 14 16 | 16.1
Fighting       | 5 9 11 | 11.6
Armour         | 4 9 10 11 | 11.3
Shields        | 6 9 |  9.4
Dodging        | 6 9 |  9.0

Action                   |  1- 3 |  4- 6 |  7- 9 | 10-12 || total
-------------------------+-------+-------+-------+-------++-------
Melee: Hand axe          |    69 |    42 |   160 |   493 ||   764
       Headbutt          |     4 |    22 |    33 |    94 ||   153
       War axe           |       |    77 |    67 |       ||   144
       Punch             |       |       |     2 |       ||     2
Throw: Stone             |    19 |     7 |     4 |     1 ||    31
Invok: Berserk           |       |     2 |     2 |     1 ||     5
  Use: Scroll            |     2 |     7 |     9 |    13 ||    31
       Potion            |       |       |       |     7 ||     7
 Stab: Invisible         |       |       |       |     1 ||     1
Armor: Animal skin       |     6 |       |       |       ||     6
       Plate armour      |    31 |    82 |    91 |   218 ||   422
Dodge: Dodged            |    39 |    50 |    91 |   170 ||   350
Block: Other             |    11 |    34 |    38 |       ||    83
       Reflection        |     1 |     2 |     5 |    36 ||    44
       Kite shield       |       |       |    36 |   311 ||   347
